 Dungeon Crawl Stone Soup version 0.24-a0-458-gfcb5e6da0e (webtiles) character file.

Game seed: 6832920318130706964

483 drasked the Conjurer (level 6, 0/32 HPs)
             Began as a Deep Elf Fire Elementalist on June 26, 2019.
             Was an Initiate of Vehumet.
             Slain by a centaur (7 damage)
             ... on level 5 of the Dungeon.
             The game lasted 00:19:51 (6360 turns).

drasked the Conjurer (Deep Elf Fire Elementalist)   Turns: 6360, Time: 00:19:52

Health: 0/32       AC:  6    Str:  5    XL:     6   Next: 87%
Magic:  13/13      EV: 28    Int: 22    God:    Vehumet [......]
Gold:   205        SH:  0    Dex: 15    Spells: 4/12 levels left

rFire    . . .     SeeInvis .   l - +6 club
rCold    + . .     Gourm    .   (no shield)
rNeg     . . .     Faith    .   j - +1 robe {MR+} {MR+}
rPois    .         Spirit   .   (no helmet)
rElec    .         Reflect  .   (no cloak)
rCorr    .         Harm     .   (no gloves)
MR       +....                  u - +2 pair of boots
Stlth    ++........             f - amulet of the acrobat
HPRegen  0.10/turn              I - ring of protection from cold {rC+, !d}
MPRegen  0.13/turn              (no ring)

@: acrobat
A: no striking features
a: Renounce Religion


You were on level 5 of the Dungeon.
You worshipped Vehumet.
Vehumet was noncommittal.
You were not hungry.

You visited 2 branches of the dungeon, and saw 6 of its levels.

You collected 205 gold pieces.

Inventory:

Hand Weapons
 l - a +6 club (weapon)
   (You took it off Jessica on level 3 of the Dungeon)
Missiles
 h - 4 silver javelins (quivered)
 n - 4 poisoned darts
Armour
 j - a +1 robe of magic resistance (worn) {MR+}
   (You took it off Jessica on level 3 of the Dungeon)
 u - a +2 pair of boots (worn)
   (You found it on level 3 of the Dungeon)
Jewellery
 a - an uncursed amulet of the gourmand {Gourm, !d}
   (You found it on level 3 of the Dungeon)
 f - an amulet of the acrobat (around neck)
   (You found it on level 3 of the Dungeon)
 I - a ring of protection from cold (left hand) {rC+, !d}
   (You found it on level 4 of the Dungeon)
Scrolls
 b - 3 scrolls of fog {unknown}
 g - a scroll of magic mapping {unknown}
 i - 5 scrolls of identify
 k - 2 scrolls of remove curse {unknown}
 o - 2 scrolls of random uselessness {unknown}
 s - 2 scrolls of noise {unknown}
 t - 3 scrolls of teleportation {unknown}
Potions
 c - 2 potions of heal wounds {unknown}
 d - a potion of magic {unknown}
 m - 2 potions of haste {unknown}
 p - a potion of ambrosia {unknown}
 q - 4 potions of curing
 r - 2 potions of flight {unknown}
 v - a potion of brilliance {unknown}
 w - a potion of cancellation {unknown}
Comestibles
 e - 11 rations


   Skills:
 - Level 3.0 Dodging
 - Level 3.0 Stealth
 - Level 3.5 Spellcasting
 * Level 6.0 Conjurations
 + Level 5.4 Fire Magic


You had 4 spell levels left.
You knew the following spells:

 Your Spells              Type           Power        Failure   Level  Hunger
a - Flame Tongue          Conj/Fire      ####.        1%          1    None
c - Conjure Flame         Conj/Fire      ####....     3%          3    ###....
s - Sticky Flame          Conj/Fire      ####....     11%         4    ####...

Your spell library contained the following spells:

 Spells                   Type           Power        Failure   Level  Hunger
 Throw Flame              Conj/Fire      ####..       1%          2    ##.....
 Inner Flame              Hex/Fire       ###.....     12%         3    ###....
 Fireball                 Conj/Fire      ####......   30%         5    ######.


Dungeon Overview and Level Annotations

Branches:
Dungeon (5/15)             Temple (1/1) D:4

Altars:
Ashenzari
Cheibriados
Dithmenos
Elyvilon
Fedhas
Gozag
Hepliaklqana
Kikubaaqudgha
Makhleb
Nemelex Xobeh
Okawaru
Qazlal
Sif Muna
Trog
Uskayaw
Vehumet
Wu Jian
Xom
Yredelemnul
Zin
The Shining One
Beogh

Shops:
D:4 (


Message History

You take 1 damage, and have 26/32 hp.
You barely miss the crimson imp.
The crimson imp hits you with a +0 short sword.
You take 1 damage, and have 25/32 hp.
You hit the crimson imp.
You kill the crimson imp!
Your Conjurations skill increases to level 6!
You start resting.
Health restored: 32
w - a pink potion
There is an open door here.
You see here a +0 short sword.
n - 3 poisoned darts (gained 1)
n - 4 poisoned darts (gained 1)
There is an open door here.
h - 5 silver javelins (gained 1)
You are feeling very hungry.
h - 6 silver javelins (gained 1)
You open the door.
There is an open door here.
You now have 191 gold pieces (gained 16).
You open the door.
There is an open door here.
You open the door.
You see here 15 arrows.
You open the door.
There is an open door here.
You see here a dagger.
There is an open door here.
Found an escape hatch in the ceiling.
Found a stone staircase leading up.
Found an escape hatch in the floor.
You open the door.
There is an open door here.
c - 2 fizzy red potions (gained 1) As you open the door, it creaks loudly!
There is an open door here.
You now have 205 gold pieces (gained 14).
There is an open door here.
You open the door.
There is an open door here.
i - 5 scrolls of identify (gained 1)
You open the door.
There is an open door here.
You are near starving!
You eat one of the 10 rations.
That ration really hit the spot!
e - 10 rations (gained 1)
e - 11 rations (gained 1)
You open the door.
There is an open door here.
Found a stone staircase leading down.
t - 3 scrolls labeled QIT YCWIPRA (gained 1)
A giant cockroach comes into view.
A giant cockroach is nearby!
A giant cockroach is nearby!
Throwing (i - inventory. (/) - cycle)
h - 6 silver javelins (quivered)
Aim: a giant cockroach (resting)
You throw a silver javelin.
The silver javelin completely misses the giant cockroach.
Throwing (i - inventory. (/) - cycle)
h - 5 silver javelins (quivered)
Aim: a giant cockroach (clinging, hasn't noticed you)
You throw a silver javelin.
The silver javelin pierces through the giant cockroach.
Throwing (i - inventory. (/) - cycle)
h - 4 silver javelins (quivered)
Aim: a giant cockroach (severely wounded, clinging)
You throw a silver javelin.
The silver javelin pierces through the giant cockroach.
You kill the giant cockroach!
h - 4 silver javelins (gained 1)
h - 5 silver javelins (gained 1)
h - 6 silver javelins (gained 1)
o - 2 scrolls labeled CICRY SEUS (gained 1)
You open the door.
There is an open door here.
A centaur comes into view.
A centaur is nearby!
A centaur is nearby!
Throwing (i - inventory. (/) - cycle)
h - 6 silver javelins (quivered)
Aim: a centaur (resting)
You throw a silver javelin.
The silver javelin pierces through the centaur.
The centaur shouts!
The centaur wields a +0 shortbow.
The centaur shoots an arrow.
The arrow barely misses you.
The centaur shoots an arrow.
The arrow closely misses you.
Throwing (i - inventory. (/) - cycle)
h - 5 silver javelins (quivered)
Aim: a centaur, wielding a +0 shortbow (moderately wounded)
You throw a silver javelin.
The silver javelin pierces through the centaur but does no damage.
The centaur shoots an arrow.
The arrow closely misses you.
The centaur shoots an arrow.
The arrow hits you!
You take 12 damage, and have 20/32 hp.
MASSIVE DAMAGE!!
The centaur shoots an arrow.
The arrow hits you!
* * * LOW HITPOINT WARNING * * *
You see here an arrow.
You take 13 damage, and have 7/32 hp.
MASSIVE DAMAGE!!
The centaur unwields a +0 shortbow.
The centaur completely misses you. The centaur hits you!
You die...

#########......#.........
#......#.........
#......#.........
#......#.........
########......##########
#......######........
#...........#........
#...........#.....>..
#.....c@(...#........
#########(.(#........
#......##...#........
#...........#........
#......##+###.......$
#......#......######+
###'#####......#
#..............#
#..............#


You could see a centaur.

Levels and vault maps discovered:
D:1:      mushboom_english_gardens, layout_loops_corners,
          minmay_misc_feat_rugged, chequers_serial_rivers_small_3
D:2:      layout_loops_ring, uniq_terence
D:3:      layout_loops_ring, biasface_ghost_orc_armoury, roderic_filled_cross,
          grunt_ministairs_1, uniq_jessica
D:4:      layout_loops_corners, minmay_temple_entry_arrows, serial_shops, shop,
          first_ration
D:5:      layout_gridville, nicolae_tso_besieged_by_evil,
          nemelex_xobeh_ov_fountains_minmay, lemuel_crystal_altar
Temple:   dpeg_five_rooms_temple

Notes
Turn   | Place    | Note
-------+----------+-------------------------------------------
     0 | D:1      | drasked the Deep Elf Fire Elementalist began the quest for
                  | the Orb.
     0 | D:1      | Reached XP level 1. HP: 10/10 MP: 6/6
    19 | D:1      | Identified a +0 hunting sling (You found it on level 1 of
                  | the Dungeon)
   148 | D:1      | Identified a +0 dagger
   296 | D:1      | Reached XP level 2. HP: 15/15 MP: 6/8
   306 | D:1      | Identified a +0 dagger
  1230 | D:2      | Identified a +0 club
  1246 | D:2      | Identified a +0 club
  1254 | D:2      | Reached XP level 3. HP: 19/19 MP: 6/9
  1370 | D:2      | Reached skill level 3 in Dodging
  1370 | D:2      | Reached skill level 3 in Stealth
  1655 | D:2      | Identified a +0 whip
  1835 | D:2      | Reached skill level 2 in Conjurations
  2057 | D:2      | Identified a +0 dagger
  2214 | D:2      | Identified a +0 club
  2389 | D:2      | Identified a +0 falchion
  2389 | D:2      | Identified a +0 scale mail
  2389 | D:2      | Noticed Terence
  2430 | D:2      | Killed Terence
  2430 | D:2      | Reached skill level 3 in Conjurations
  2430 | D:2      | Reached skill level 4 in Fire Magic
  2430 | D:2      | Reached XP level 4. HP: 15/24 MP: 9/11
  2931 | D:3      | Found a runed translucent gate.
  2933 | D:3      | Found a runed translucent gate.
  2933 | D:3      | Identified a +0 whip
  2933 | D:3      | Identified a +0 leather armour
  2934 | D:3      | Noticed krystol's ghost (weakling TrMo)
  2934 | D:3      | Identified a +0 club
  2934 | D:3      | Identified a +0 leather armour
  2934 | D:3      | Identified a +0 whip
  2935 | D:3      | Found a runed translucent gate.
  2935 | D:3      | Identified a +0 whip
  2935 | D:3      | Identified a +0 leather armour
  2935 | D:3      | Identified a +3 war axe
  2935 | D:3      | Identified a +1 ring mail
  2936 | D:3      | Identified a +0 club
  2936 | D:3      | Identified a +0 chain mail of fire resistance
  2936 | D:3      | Identified a +0 ring mail
  2936 | D:3      | Identified a +0 leather armour
  2937 | D:3      | Found a roughly hewn altar of Beogh.
  3007 | D:3      | Identified a +0 club
  3048 | D:3      | Reached XP level 5. HP: 21/28 MP: 6/12
  3053 | D:3      | Learned a level 3 spell: Conjure Flame
  3058 | D:3      | Learned a level 4 spell: Sticky Flame
  3129 | D:3      | Identified a +0 club
  3175 | D:3      | Identified a +6 club
  3175 | D:3      | Identified a +1 robe of magic resistance
  3175 | D:3      | Noticed Jessica
  3184 | D:3      | Killed Jessica
  3184 | D:3      | Reached skill level 4 in Conjurations
  4037 | D:3      | Killed krystol's ghost
  4147 | D:3      | Reached XP level 6. HP: 32/32 MP: 11/13
  4218 | D:3      | Identified a +2 pair of boots (You found it on level 3 of
                  | the Dungeon)
  4220 | D:3      | Identified 5 scrolls of identify
  4220 | D:3      | Identified an amulet of the acrobat (You found it on level
                  | 3 of the Dungeon)
  4221 | D:3      | Identified an amulet of the gourmand (You found it on level
                  | 3 of the Dungeon)
  4224 | D:3      | Identified 3 potions of curing
  4225 | D:3      | Identified 2 potions of degeneration
  4298 | D:4      | Identified a cursed -3 club
  4375 | D:4      | Found a staircase to the Ecumenical Temple.
  4384 | Temple   | Entered the Ecumenical Temple
  4551 | Temple   | Became a worshipper of Vehumet
  4643 | D:4      | Reached skill level 5 in Conjurations
  4705 | D:4      | Reached skill level 5 in Fire Magic
  4892 | D:4      | Found Tepefehu's Antique Weapon Boutique.
  4958 | D:4      | Identified a +0 spear
  4959 | D:4      | Identified a +0 club
  4961 | D:4      | Identified a +0 flail
  5397 | D:5      | Entered Level 5 of the Dungeon
  5400 | D:5      | Identified a ring of protection from cold (You found it on
                  | level 4 of the Dungeon)
  5440 | D:5      | Identified a +0 shortbow
  5448 | D:5      | Found a glowing golden altar of the Shining One.
  5458 | D:5      | HP: 8/32 [centaur (4)]
  5792 | D:5      | Found a sparkling altar of Nemelex Xobeh.
  5859 | D:5      | Found a white marble altar of Elyvilon.
  5938 | D:5      | Identified a +0 short sword
  6000 | D:5      | Reached skill level 6 in Conjurations
  6356 | D:5      | Identified a +0 shortbow
  6359 | D:5      | HP: 7/32 [centaur/arrow (13)]
  6360 | D:5      | Slain by a centaur

Table legend:
 A = Turns spent in this place as a percentage of turns spent in the entire game.
 B = Non-inter-level travel turns spent in this place as a percentage of non-inter-level travel turns spent in the entire game.
 C = Inter-level travel turns spent in this place as a percentage of turns spent in this place.
 D = Turns resting spent in this place as a percentage of non-inter-level travel turns spent in this place.
 E = Turns spent auto-exploring this place as a percentage of non-inter-level travel turns spent in this place.
 F = Non-inter-level travel turns spent in this place divided by the number of levels of this place that you've seen.
                   A       B       C       D       E      F
               +-------+-------+-------+-------+-------+----------------------
         Total | 100.0 | 100.0 |   2.5 |  32.8 |  54.9 | 1033.5
       Dungeon |  96.1 |  96.8 |   1.8 |  33.9 |  53.9 | 1200.4
        Temple |   3.9 |   3.2 |  19.4 |   0.0 |  83.9 | 199.0
               +-------+-------+-------+-------+-------+----------------------

Table legend:
 A = Kills in this place as a percentage of kills in entire the game.
 B = Kills by you in this place as a percentage of kills by you in the entire game.
 C = Kills by friends in this place as a percentage of kills by friends in the entire game.
 D = Other kills in this place as a percentage of other kills in the entire game.
 E = Experience gained in this place as a percentage of experience gained in the entire game.
 F = Experience gained in this place divided by the number of levels of this place that you have seen.
                   A       B       C       D       E      F
               +-------+-------+-------+-------+-------+----------------------
         Total | 100.0 | 100.0 |   N/A |   N/A | 100.0 | 115.0
       Dungeon | 100.0 | 100.0 |   N/A |   N/A | 100.0 | 138.0
               +-------+-------+-------+-------+-------+----------------------

Skill      XL: |  1  2  3  4  5  6 |
---------------+-------------------+-----
Dodging        | 3 |  3.0
Stealth        | 3 |  3.0
Conjurations   | 3 4 6 |  6.0
Fire Magic     | 4 5 |  5.4
Spellcasting   | |  3.5

Action                   |  1- 3 |  4- 6 || total
-------------------------+-------+-------++-------
Melee: Club              |       |    32 ||    32
 Fire: Hunting sling     |    16 |       ||    16
Throw: Dart              |     5 |     6 ||    11
       Javelin           |       |    44 ||    44
 Cast: Flame Tongue      |    64 |    84 ||   148
       Conjure Flame     |       |     2 ||     2
       Sticky Flame      |       |     1 ||     1
  Use: Scroll            |       |     4 ||     4
  Eat: Chunk             |     4 |    11 ||    15
       Ration            |       |     1 ||     1
Armor: Robe              |     1 |    13 ||    14
Dodge: Dodged            |    14 |    41 ||    55

Vanquished Creatures
  A centaur (D:5)
  The ghost of krystol the Ruffian, a weakling TrMo (D:3)
  A crimson imp (D:5)
  A bullfrog skeleton (D:3)
  Jessica (D:3)
  Terence (D:2)
  An iguana (D:4)
  A worker ant (D:4)
  6 adders
  3 gnolls (D:4)
  A shadow imp (D:5)
  2 oozes
  2 worms
  3 dart slugs
  2 leopard geckos
  9 orcs
  7 bats
  4 giant cockroaches
  7 goblins
  6 hobgoblins
  3 jackals (D:1)
  A quokka (D:4)
  A ball python (D:3)
  8 frilled lizards
  A goblin zombie (D:5)
  3 hobgoblin zombies (D:5)
  3 kobolds
  A kobold zombie (D:5)
  A leopard gecko skeleton (D:4)
  2 orc skeletons (D:5)
  An orc zombie (D:5)
  6 rats
91 creatures vanquished.
